 Dungeon Crawl Stone Soup version 0.27.1-34-g3ba077fa99 (webtiles) character file.

Game seed: 9383475096658548997

3208 belegose the Cudgeller (level 9, 0/92 HPs)
             Began as a Troll Monk on Jan 5, 2022.
             Was a Priest of Ru.
             Slain by a killer bee (6 damage)
             ... on level 8 of the Dungeon.
             The game lasted 00:21:29 (6848 turns).

belegose the Cudgeller (Troll Monk)                 Turns: 6848, Time: 00:21:31

Health: 0/92       AC:  9    Str: 22    XL:     9   Next: 65%
Magic:  8/8        EV:  8    Int:  8    God:    Ru [***...]
Gold:   390        SH:  9    Dex: 12    Spells: 8/8 levels left

rFire    . . .     SeeInvis .   a - +2 flail (venom)
rCold    + . .     Faith    .   D - +0 kite shield
rNeg     . . .     Spirit   .   z - +0 robe
rPois    .         Reflect  .   (helmet restricted)
rElec    .         Harm     .   v - +0 cloak
rCorr    .         Rampage  .   (gloves unavailable)
Will     .....                  (boots unavailable)
Stlth    ++........             (no amulet)
HPRegen  1.25/turn              o - ring of protection from cold
MPRegen  0.11/turn              B - +4 ring of protection

@: no status effects
A: large, unfitting armour, claws 3, regeneration 1, shaggy fur 1, tough skin 1,
inability to train dodging, no earth magic, no hexes magic, no summoning magic,
missing an eye
a: Renounce Religion, Draw Out Power


You were on level 8 of the Dungeon.
You worshipped Ru.
Ru was most pleased with you.
You visited 2 branches of the dungeon, and saw 9 of its levels.

You collected 390 gold pieces.

Inventory:

Hand Weapons
 a - a +2 flail of venom (weapon)
 b - a +0 demon whip of pain
Missiles
 e - 275 stones (quivered)
 j - 3 throwing nets
 G - 10 poisoned darts
Armour
 v - a +0 cloak (worn)
 z - a +0 robe (worn)
 D - a +0 kite shield (worn)
Magical Staves
 s - a staff of fire
Jewellery
 k - a ring of positive energy
 o - a ring of protection from cold (left claw)
 t - a ring of willpower
 B - a +4 ring of protection (right claw)
Wands
 A - a wand of acid (8)
 E - a wand of flame (12)
 F - a wand of iceblast (4)
 H - a wand of mindburst (13)
Scrolls
 h - 2 scrolls of noise {unknown}
 l - 5 scrolls of teleportation {unknown}
 m - a scroll of magic mapping {unknown}
 n - 2 scrolls of amnesia {unknown}
 p - 4 scrolls of immolation {unknown}
 x - 2 scrolls of identify {unknown}
 y - a scroll of acquirement {unknown}
 C - 3 scrolls of vulnerability {unknown}
Potions
 c - 3 potions of curing
 d - a potion of might {unknown}
 f - 3 potions of cancellation {unknown}
 g - a potion of flight {unknown}
 i - 3 potions of haste {unknown}
 q - 2 potions of lignification {unknown}
 r - a potion of heal wounds {unknown}
 u - 2 potions of resistance {unknown}
 w - a potion of brilliance {unknown}


   Skills:
 - Level 6.6 Fighting
 - Level 7.3 Maces & Flails
 + Level 5.5 Throwing
 - Level 1.0 Stealth
 + Level 5.0 Shields


You had 8 spell levels left.
You didn't know any spells.
Your spell library contained the following spells:

 Spells                   Type           Power      Damage    Failure   Level
 Apportation              Tloc           0%         N/A       69%         1
 Blink                    Tloc           N/A        N/A       83%         2
 Alistair's Intoxication  Tmut/Pois      0%         N/A       100%        5
 Manifold Assault         Tloc           0%         N/A       100%        5
 Storm Form               Tmut/Air       0%         N/A       100%        7
 Invisibility             Hex            Unusable   N/A       N/A         6

Dungeon Overview and Level Annotations

Branches:
Dungeon (8/15)             Temple (1/1) D:7
   Lair: D:8-11

Altars:
Okawaru
Qazlal
Ru
Sif Muna

Shops:
D:3 *

Annotations:
D:4 exclusion: door, Edmund


Innate Abilities, Weirdness & Mutations

You are too large for most types of armour.
You have claws for hands.
Your natural rate of healing is unusually fast.
You are covered in fur. (AC +1)
You have tough skin. (AC +1)
You cannot train Dodging skill.
You cannot study or cast Earth magic.
You cannot study or cast Hexes magic.
You cannot study or cast Summoning magic.
You are missing an eye, making it more difficult to aim.


Message History

You miss the killer bee.
You feel sick. You block the killer bee's attack.
The killer bee completely misses you.
You closely miss the killer bee.
You feel sick. The killer bee stings you!
* * * LOW HITPOINT WARNING * * *
The killer bee barely misses you. You block the killer bee's attack.
You strike the helpless killer bee from behind!
You sock the killer bee!
The killer bee is almost dead.
You feel sick. The killer bee barely misses you.
You block the killer bee's attack.
Unknown command.
You miss the killer bee.
The killer bee is almost dead.
You feel sick.
You are no longer poisoned.
The killer bee barely misses you. The killer bee stings you.
* * * LOW HITPOINT WARNING * * *
You are poisoned.
The killer bee poisons you!
You strike the helpless killer bee from behind!
You hit the killer bee.
You kill the killer bee!
You feel sick. You block the killer bee's attack.
You barely miss the killer bee.
You feel sick. The killer bee stings you.
* * * LOW HITPOINT WARNING * * *
The killer bee stings you but does no damage.
You block the killer bee's attack.
You completely miss the killer bee.
You feel sick.
The killer bee is stunned by your conviction and fails to attack.
You block the killer bee's attack.
You hit the killer bee.
The killer bee is moderately wounded.
You feel sick. You block the killer bee's attack. x2
You completely miss the killer bee.
The killer bee is moderately wounded.
You hear the faint creaking of a distant portcullis.
You feel sick.
You are no longer poisoned.
You block the killer bee's attack. The killer bee stings you.
You die...

#...........##..........#
#...........##..........#
#......$....##..........#.
#...........##............
#...........##............
########.....<..........##
#...##...........#
##y###...........#
#@###...........#
#.....########### #######


You could see a killer bee.

Vanquished Creatures
  A vampire (D:5)
  Eustachio (D:5)
  3 yaks
  4 water moccasins
  A hornet zombie (D:7)
  A black bear (D:4)
  An orc warrior (D:5)
  An ice beast (D:7)
  3 ogres (D:5)
  A necrophage (D:6)
  2 centaurs (D:7)
  Blork the orc (D:4)
  3 scorpions
  A gnoll sergeant (D:5)
  3 killer bees
  2 electric eels (D:6)
  3 howler monkeys
  A centaur zombie (D:6)
  2 hounds (D:6)
  Crazy Yiuf (D:4)
  A centaur skeleton (D:4)
  Ijyb (D:3)
  An iguana (D:6)
  3 orc wizards
  A scorpion zombie (D:5)
  A killer bee zombie (D:6)
  A hound zombie (D:5)
  Robin (D:4)
  7 adders
  8 gnolls
  2 shadow imps
  A white imp (D:7)
  An ufetubus (D:7)
  3 worms
  9 orcs
  7 ball pythons
  4 bats
  11 endoplasms
  2 giant cockroaches
  14 goblins
  10 hobgoblins
  12 kobolds
  6 quokkas
  3 frilled lizards
  8 rats
154 creatures vanquished.

Vanquished Creatures (others)
  An orc (D:6)
  A goblin (D:4)
  A kobold (D:4)
  12 fungi (D:4)
  12 plants (D:6)
  5 toadstools (D:4)
32 creatures vanquished.

Grand Total: 186 creatures vanquished

Notes
Turn   | Place    | Note
-------+----------+-------------------------------------------
     0 | D:1      | belegose the Troll Monk began the quest for the Orb.
     0 | D:1      | Reached XP level 1. HP: 22/22 MP: 0/0
    80 | D:1      | Found a sacrificial altar of Ru.
    99 | D:1      | Became a worshipper of Ru the Awakened
   113 | D:1      | Gained mutation: You cannot train Dodging skill. [Ru
                  | sacrifice]
   113 | D:1      | Reached * piety under Ru
   239 | D:1      | Found a faded altar of an unknown god.
   268 | D:1      | Reached skill level 3 in Maces & Flails
   268 | D:1      | Reached XP level 2. HP: 29/29 MP: 1/1
   987 | D:2      | Reached XP level 3. HP: 35/37 MP: 2/2
  1407 | D:2      | Reached XP level 4. HP: 45/45 MP: 3/3
  1987 | D:3      | You fall into a shaft and drop 1 floor!
  1987 | D:4      | Noticed Blork the orc
  2100 | D:3      | Gained mutation: You cannot study or cast Earth magic. [Ru
                  | sacrifice]
  2100 | D:3      | Gained mutation: You cannot study or cast Hexes magic. [Ru
                  | sacrifice]
  2100 | D:3      | Gained mutation: You cannot study or cast Summoning magic.
                  | [Ru sacrifice]
  2100 | D:3      | Reached ** piety under Ru
  2249 | D:3      | Found a shimmering blue altar of Sif Muna.
  2250 | D:3      | Found an iron altar of Okawaru.
  2267 | D:3      | Noticed Ijyb
  2275 | D:3      | Found Guetiar's Assorted Antiques.
  2279 | D:3      | Reached skill level 4 in Maces & Flails
  2312 | D:3      | Killed Ijyb
  2630 | D:4      | Reached XP level 5. HP: 53/54 MP: 4/4
  3081 | D:4      | Killed Blork the orc
  3129 | D:4      | Found a runed translucent door.
  3130 | D:4      | Noticed Crazy Yiuf
  3200 | D:4      | Killed Crazy Yiuf
  3201 | D:4      | Reached XP level 6. HP: 45/62 MP: 5/5
  3304 | D:4      | Noticed Robin
  3321 | D:4      | Killed Robin
  3328 | D:4      | Reached skill level 5 in Maces & Flails
  3350 | D:4      | Noticed Edmund
  3502 | D:5      | Entered Level 5 of the Dungeon
  3749 | D:5      | Noticed a water moccasin
  3752 | D:5      | Reached skill level 5 in Fighting
  3752 | D:5      | Reached XP level 7. HP: 72/72 MP: 6/6
  3829 | D:5      | Reached skill level 6 in Maces & Flails
  3935 | D:5      | Noticed Eustachio
  4037 | D:5      | Killed Eustachio
  4121 | D:4      | Found a stormy altar of Qazlal.
  4229 | D:4      | Reached XP level 8. HP: 83/83 MP: 7/7
  4472 | D:5      | Reached skill level 7 in Maces & Flails
  4798 | D:6      | Reached skill level 1 in Throwing
  4886 | D:6      | Reached skill level 1 in Shields
  5437 | D:6      | Reached XP level 9. HP: 87/92 MP: 8/8
  6025 | D:7      | Gained mutation: You are missing an eye, making it more
                  | difficult to aim. [Ru sacrifice]
  6025 | D:7      | Reached *** piety under Ru
  6480 | D:7      | Found a staircase to the Ecumenical Temple.
  6662 | Temple   | Entered the Ecumenical Temple
  6750 | D:7      | Reached skill level 5 in Throwing
  6832 | D:8      | Reached skill level 5 in Shields
  6848 | D:8      | Slain by a killer bee

Illustrated notes

Levels and vault maps discovered:
D:1:      amcnicky_arrival_underground_garden, layout_basic,
          hellmonk_ecumenical_altar_leap_of_faith, minmay_hexomino_r4
D:2:      layout_rooms, minmay_misc_feat_four_crosses, supply_closet_lemuel,
          st_stairs_11, minmay_unequal
D:3:      layout_loops_ring, gammafunk_temple_overflow_statue, serial_shops,
          shop, uniq_ijyb
D:4:      cheibrodos_fertilizer, layout_loops_cross, kennysheep_mini,
          lemuel_round_altar, uniq_crazy_yiuf_cottage, uniq_blork_the_orc,
          uniq_robin, uniq_edmund
D:5:      layout_loops_cross, uniq_eustachio
D:6:      layout_loops_ring, serial_bayou, serial_bayou_lake_a,
          serial_bayou_shore_b, serial_bayou_pond_e, serial_bayou_pond_a
D:7:      layout_basic, temple_statues, serial_rivers,
          chequers_serial_rivers_small_a, chequers_serial_rivers_micro_d,
          chequers_serial_rivers_small_a, chequers_serial_rivers_micro_a,
          chequers_serial_rivers_room_a, chequers_serial_rivers_marsh
D:8:      statuecave_lemuel, layout_basic, lemuel_crystal_altar,
          mainiacjoe_overflow_tiny_flanked, enter_bailey_7
Temple:   regret_index_temple_sphere_string

Skill      XL: |  1  2  3  4  5  6  7  8  9 |
---------------+----------------------------+-----
Dodging        | 0 |  0.0
Maces & Flails | 3 4 5 6 7 |  7.3
Fighting       | 3 4 5 6 |  6.6
Throwing       | 3 5 |  5.5
Shields        | 3 5 |  5.0
Stealth        | |  1.0

Action                   |  1- 3 |  4- 6 |  7- 9 || total
-------------------------+-------+-------+-------++-------
Melee: Mace              |   175 |    61 |       ||   236
       Morningstar       |       |    69 |       ||    69
       Demon whip        |       |    48 |    53 ||   101
       Flail             |       |    20 |   244 ||   264
Throw: Stone             |       |     1 |    11 ||    12
       Throwing net      |       |     1 |       ||     1
Invok: Sacrifice Nimblen |     1 |       |       ||     1
       Sacrifice Arcana  |       |     1 |       ||     1
       Sacrifice an Eye  |       |       |     1 ||     1
  Use: Potion            |       |       |     2 ||     2
 Stab: Sleeping          |     2 |     1 |     2 ||     5
       Distracted        |       |     1 |     1 ||     2
       Invisible         |       |       |     4 ||     4
Armor: Robe              |    58 |    43 |   109 ||   210
Dodge: Dodged            |    90 |    80 |    70 ||   240
Block: Kite shield       |       |       |    97 ||    97
